 Dungeon Crawl Stone Soup version 0.28-a0-8-g6e044cfa68 (webtiles) character file.

Game seed: 9138744838751326240

25 Sin92 the Skirmisher (level 2, 0/24 HPs)
             Began as a Demonspawn Fighter on July 23, 2021.
             Slain by an adder (4 damage)
             ... on level 2 of the Dungeon.
             The game lasted 00:00:33 (928 turns).

Sin92 the Skirmisher (Demonspawn Fighter)            Turns: 928, Time: 00:00:34

Health: 0/24       AC:  6    Str: 16    XL:     2   Next: 82%
Magic:  2/2        EV: 11    Int:  9    God:
Gold:   125        SH:  8    Dex: 12    Spells: 1/1 levels left

rFire   . . .      SeeInvis .   a - +0 war axe
rCold   . . .      Faith    .   c - +0 kite shield
rNeg    . . .      Spirit   .   b - +0 scale mail
rPois   .          Reflect  .   (no helmet)
rElec   .          Harm     .   (no cloak)
rCorr   .          Rampage  .   (no gloves)
Will    .....                   (no boots)
Stlth   ..........              (no amulet)
HPRegen 0.08/turn               f - +4 ring of evasion
MPRegen 0.08/turn               (no ring)

@: no status effects
A: demonic magic 1
a: no special abilities


You were on level 2 of the Dungeon.
You visited 1 branch of the dungeon, and saw 2 of its levels.

You collected 125 gold pieces.

Inventory:

Hand Weapons
 a - a +0 war axe (weapon)
Armour
 b - a +0 scale mail (worn)
 c - a +0 kite shield (worn)
Jewellery
 f - a +4 ring of evasion (left hand)
Scrolls
 e - a scroll of amnesia {unknown}
 h - a scroll of identify {unknown}
 i - 3 scrolls of blinking {unknown}
Potions
 d - a potion of might
 g - 2 potions of flight {unknown}


   Skills:
 + Level 3.2 Fighting
 * Level 2.2 Axes
 + Level 2.9 Armour
 + Level 0.6 Dodging
 + Level 2.8 Shields


You had one spell level left.
You didn't know any spells.
Your spell library was empty.

Dungeon Overview and Level Annotations

Branches:
Dungeon (2/15)

Altars:


Innate Abilities, Weirdness & Mutations

Spells you cast may paralyse adjacent enemies.


Message History

You miss the adder. You block the adder's attack.
You block the endoplasm's attack. You block the adder's attack.
The endoplasm hits you.
You barely miss the endoplasm.
The endoplasm is almost dead.
You hit the adder. You hit the worm. The adder bites you.
The adder closely misses you. You block the worm's attack.
The endoplasm barely misses you. The adder barely misses you.
The worm bites you but does no damage.
Unknown command.
There are monsters nearby!
Unknown command.
You are too injured to fight recklessly!
There are monsters nearby!
Unknown command.
There are monsters nearby!
You are too injured to fight recklessly!
You are too injured to fight recklessly!
Unknown command.
There are monsters nearby!
You are too injured to fight recklessly!
You hit the endoplasm.
You kill the endoplasm!
You miss the adder. You barely miss the worm. You block the adder's attack.
The adder bites you but does no damage.
You closely miss the adder.
The adder is almost dead.
You hit the worm but do no damage. The adder closely misses you.
The worm bites you.
* * * LOW HITPOINT WARNING * * *
The adder bites you but does no damage.
Unknown command.
You closely miss the adder.
The adder is almost dead.
You barely miss the worm. You block the adder's attack.
The worm closely misses you. You block the adder's attack.
You miss the adder.
The adder is almost dead.
You slash the worm! The adder bites you.
You die...

#.# #### #.# ..##### #.#
#..... #.# #######....
#.# .......... #.#
.........###########.#
......w.............>#
......S@#....######.##
........#...†.....#.#
...$....##.....†..#.#
........##........#'####
........##.............#
........##...#####.....#
........##...# #.....#
..$.....####.. #.....#
## #.....#


You could see a worm and an adder.

Vanquished Creatures
  An adder (D:2)
  2 bats
  2 endoplasms (D:2)
  A goblin (D:2)
  3 hobgoblins (D:1)
  A quokka (D:1)
  A ball python (D:1)
  3 frilled lizards
  A rat (D:1)
15 creatures vanquished.

Notes
Turn   | Place    | Note
-------+----------+-------------------------------------------
     0 | D:1      | Sin92 the Demonspawn Fighter began the quest for the Orb.
     0 | D:1      | Reached XP level 1. HP: 18/18 MP: 1/1
   423 | D:1      | Gained mutation: Spells you cast may paralyse adjacent
                  | enemies. [demonic ancestry]
   423 | D:1      | Reached XP level 2. HP: 24/24 MP: 2/2
   928 | D:2      | Slain by an adder

Illustrated notes

Levels and vault maps discovered:
D:1:      dpeg_arrival_more_subterranean_lakeside_camping, layout_basic,
          minmay_octomino_e4
D:2:      layout_basic

Skill      XL: |  1 |
---------------+----+-----
Axes           | 2 |  2.2
Fighting       | |  3.2
Armour         | |  2.9
Dodging        | |  0.6
Shields        | |  2.8

Action                   || total
-------------------------++-------
Melee: War axe           ||    47
Armor: Scale mail        ||    20
Dodge: Dodged            ||    26
Block: Kite shield       ||    29

Table legend: (Time is in decaauts)
 A = Elapsed time spent in this place.
 B = Non-inter-level travel time spent in this place.
 C = Inter-level travel time spent in this place.
 D = Time resting spent in this place.
 E = Time spent auto-exploring this place.
 F = Levels seen in this place.
 G = Mean time per level.
                   A        B        C        D        E       F      G
               +--------+--------+--------+--------+--------+-----+--------+
         Total |    957 |    935 |     22 |      0 |    813 |   2 |  478.5 |
       Dungeon |    957 |    935 |     22 |      0 |    813 |   2 |  478.5 |
               +--------+--------+--------+--------+--------+-----+--------+

Top non-repeatable levels by time:
     D:1: 670 daAuts
     D:2: 287 daAuts
